 Dungeon Crawl Stone Soup version 0.31.0-9-g3a7656b989 (webtiles) character file.

Game seed: 12119997695879429500

238 qw the Skirmisher (level 5, -5/29 HPs)
             Began as a Deep Elf Hunter on Feb 2, 2024.
             Slain by an iguana (9 damage)
             ... on level 4 of the Dungeon.
             The game lasted 00:00:10 (2791 turns).

qw the Skirmisher (Deep Elf Hunter)                 Turns: 2791, Time: 00:00:10

Health: -5/29      AC: 12    Str: 10    XL:     5   Next: 78%
Magic:  7/7        EV:  8    Int: 14    God:
Gold:   245        SH:  0    Dex: 18    Spells: 4/4 levels left

rFire   . . .        a - +0 shortbow
rCold   . . .        (shield currently unavailable)
rNeg    + + .        m - +1 pearl dragon scales
rPois   .            (no helmet)
rElec   .            (no cloak)
rCorr   .            (no gloves)
SInv    .            (no boots)
Will    .....        (no amulet) Stlth
                     g - ring of positive energy
HPRegen 0.24/turn    (no ring)
MPRegen 0.10/turn

%: no passive effects
@: about to teleport
A: no striking features
a: no special abilities


You were on level 4 of the Dungeon.
You visited 1 branch of the dungeon, and saw 4 of its levels.

You collected 245 gold pieces.


   Skills:
 - Level 1.5 Fighting
 + Level 8.5 Ranged Weapons
 - Level 2.2 Armour
 - Level 2.4 Dodging
 - Level 1.2 Stealth


You had 4 spell levels left.
You didn't know any spells.
Your spell library was empty.

Inventory:

Hand Weapons
 a - a +0 shortbow (weapon)
Armour
 b - a +2 ring mail of fire resistance
 m - +1 pearl dragon scales (worn)
Jewellery
 g - a ring of positive energy (left hand)
Wands
 j - a wand of light (7)
Scrolls
 h - a scroll of teleportation
Potions
 c - a potion of ambrosia {unknown}
 d - a potion of resistance
 e - a potion of curing {unknown}
 f - a potion of invisibility {unknown}
 i - a potion of brilliance {unknown}

Dungeon Overview and Level Annotations

Branches:
Dungeon (4/15)
 Temple: D:4-7

Altars:
Vehumet

Annotations:
D:2 1 runed translucent door, Crazy Yiuf


Message History

You shoot an arrow. The arrow hits the kobold.
You kill the kobold!
You see here a +0 club.
Found 5 stones.
f - a yellow potion You now have 245 gold pieces (gained 13).
An iguana and a ball python come into view.
The iguana hisses angrily.
You hear a shout!
You shoot an arrow. The arrow closely misses the iguana.
You shoot an arrow. The arrow hits the iguana.
The iguana is moderately wounded.
You shoot an arrow. The arrow hits the iguana.
The iguana is moderately wounded.
The iguana bites you!
You shoot an arrow. The arrow hits the iguana.
The iguana is heavily wounded.
The iguana barely misses you.
You shoot an arrow. The arrow barely misses the iguana.
The arrow closely misses the ball python.
The iguana bites you. The iguana closely misses you.
You shoot an arrow.
The arrow hits the iguana but does no damage.
The iguana is heavily wounded.
You hear a shout!
The iguana bites you.
A kobold comes into view. It is wielding a +0 short sword.
You shoot an arrow. The arrow closely misses the iguana.
The arrow barely misses the ball python.
The iguana barely misses you.
You shoot an arrow. The arrow closely misses the iguana.
The arrow closely misses the ball python.
The iguana bites you! The iguana barely misses you.
2790 ||| READING 2 scrolls of teleportation.
As you read the scroll of teleportation, it crumbles to dust.
You feel strangely unstable.
The iguana bites you but does no damage.
You shoot an arrow. The arrow hits the iguana.
The iguana is almost dead.
The iguana bites you!
You die...

#### .. ##..## ##. .
#....# . (.## ##....#
## . ....# ##.....##
..# #...##.......##
.... #............##
.....
##......##....##K.....
#..#...####..@lS.#
#..##..## ##..####
#..###..####### #####
#.## ##...### ##...##
#. ##.)..# #...... ..
###).## ##...###
##..## #...##
#...#########..##
#..........[..##


You could see an iguana, a ball python and a kobold.

Vanquished Creatures
  A phantom (D:4)
  2 orc priests (D:3)
  3 gnolls (D:4)
  2 dart slugs
  4 orcs (D:3)
  11 endoplasms
  5 giant cockroaches
  2 goblins
  5 hobgoblins
  4 jackals (D:2)
  3 quokkas
  4 ball pythons
  4 bats
  5 frilled lizards
  6 kobolds
  8 rats
69 creatures vanquished.

Notes
Turn   | Place    | Note
-------+----------+-------------------------------------------
     0 | D:1      | qw the Deep Elf Hunter began the quest for the Orb.
     0 | D:1      | Reached XP level 1. HP: 12/12 MP: 3/3
     0 | D:1      | 0 ||| qw: Version: 0.3-a-155-g5e7d8dd
     0 | D:1      | 0 ||| qw: Game counter: 2261
     0 | D:1      | 0 ||| qw: Melee chars always use a shield: true
     0 | D:1      | 0 ||| qw: God list: Okawaru
     0 | D:1      | 0 ||| qw: Allow faded altars: false
     0 | D:1      | 0 ||| qw: Do Orc after clearing Dungeon:15 true
     0 | D:1      | 0 ||| qw: Do second Lair branch before Depths: true
     0 | D:1      | 0 ||| qw: Lair rune preference: random
     0 | D:1      | 0 ||| qw: Goals: Normal
     0 | D:1      | 0 ||| PLANNING D:1-11
   128 | D:1      | Reached XP level 2. HP: 16/16 MP: 4/4
   129 | D:1      | Reached skill level 6 in Ranged Weapons
   595 | D:1      | 595 ||| UPGRADING to +0 ring mail.
   605 | D:1      | 605 ||| DROPPING +0 leather armour.
   606 | D:1      | 606 ||| UPGRADING to ring of positive energy.
   607 | D:1      | 607 ||| READING scroll labelled FEMPAUDERR.
   608 | D:1      | 608 ||| READING 2 scrolls labelled LYIGIN WYANOH.
   611 | D:1      | 611 ||| DROPPING scroll of butterflies.
   646 | D:2      | 646 ||| FLEEEEING.
   647 | D:2      | 647 ||| FLEEEEING.
   752 | D:2      | Reached XP level 3. HP: 20/20 MP: 5/5
  1000 | D:2      | Found a runed translucent door.
  1001 | D:2      | Noticed Crazy Yiuf
  1249 | D:2      | 1249 ||| UPGRADING to +2 ring mail of fire resistance.
  1259 | D:2      | 1259 ||| DROPPING +0 ring mail.
  1260 | D:2      | 1260 ||| READING scroll labelled HOWOLLOHEO.
  1261 | D:2      | 1261 ||| DRINKING 2 viscous grey potions.
  1291 | D:2      | 1291 ||| DROPPING potion of lignification.
  1342 | D:3      | Reached skill level 7 in Ranged Weapons
  1354 | D:3      | Reached XP level 4. HP: 14/25 MP: 6/6
  1365 | D:3      | Reached skill level 8 in Ranged Weapons
  2419 | D:3      | 2419 ||| UPGRADING to +0 pearl dragon scales.
  2429 | D:3      | 2429 ||| READING scroll labelled VAOVIFE EFYIL.
  2429 | D:3      | 2429 ||| IDENTIFYING silvery potion
  2430 | D:3      | 2430 ||| READING scroll labelled SAECVAA BIAPO.
  2466 | D:3      | 2466 ||| READING scroll labelled WOXUOCOTARGH.
  2466 | D:3      | 2466 ||| ENCHANTING +0 pearl dragon scales.
  2467 | D:3      | 2467 ||| READING 2 scrolls labelled FEPICR NASTI.
  2468 | D:3      | 2468 ||| READING scroll labelled CETZYA LIVEICK.
  2469 | D:3      | 2469 ||| DRINKING 2 inky potions.
  2470 | D:3      | 2470 ||| DROPPING potion of magic.
  2471 | D:3      | 2471 ||| DROPPING scroll of noise.
  2513 | D:4      | Reached XP level 5. HP: 29/29 MP: 7/7
  2513 | D:4      | Noticed a phantom
  2516 | D:4      | 2516 ||| ZAPPING wand of light (9) at -5,-4 (phantom;
                  | floor).
  2517 | D:4      | 2517 ||| ZAPPING wand of light (8) at -4,-3 (phantom;
                  | floor).
  2517 | D:4      | Killed a phantom
  2527 | D:4      | Found a radiant altar of Vehumet.
  2789 | D:4      | HP: 4/29 [iguana (9)]
  2790 | D:4      | 2790 ||| READING 2 scrolls of teleportation.
  2791 | D:4      | Slain by an iguana

Levels and vault maps discovered:
D:1:      giann_horns, layout_basic, kennysheep_small_spiral,
          minmay_pentomino_z2
D:2:      layout_basic, chequers_serial_rivers_micro_e, uniq_crazy_yiuf_cottage
D:3:      layout_basic
D:4:      layout_layer_cave, mainiacjoe_overflow_catwalk

Skill      XL: |  1  2  3  4  5 |
---------------+----------------+-----
Ranged Weapons | 6 7 8 |  8.5
Armour         | 2 |  2.2
Fighting       | |  1.5
Dodging        | |  2.4
Stealth        | |  1.2

Action                     |  1- 3 |  4- 6 || total
---------------------------+-------+-------++-------
   Fire: Shortbow          |   100 |    89 ||   189
  Evoke: Wand              |       |     2 ||     2
    Use: Scroll            |     3 |     6 ||     9
         Potion            |     1 |     1 ||     2
 Armour: Leather armour    |    16 |       ||    16
         Ring mail         |    13 |    17 ||    30
         Pearl dragon scal |       |    10 ||    10
  Dodge: Dodged            |    24 |    11 ||    35

Table legend:
 A = Non-vault XP
 B = Vault XP
 C = Vault XP percentage of total XP
 D = Non-vault monster count
 E = Vault monster count
 F = Vault count percentage of total count
                 A         B        C        D         E       F
            +---------+---------+-------+---------+---------+-------
      Total |     339 |       1 |   0.3 |      68 |       1 |   1.4
            +---------+---------+-------+---------+---------+-------
        D:1 |      25 |       1 |   3.8 |      15 |       1 |   6.2
        D:2 |      36 |       0 |   0.0 |      19 |       0 |   0.0
        D:3 |     124 |       0 |   0.0 |      26 |       0 |   0.0
        D:4 |     154 |       0 |   0.0 |       8 |       0 |   0.0
            +---------+---------+-------+---------+---------+-------
